 Dungeon Crawl Stone Soup version 0.19-a0-1922-g1e9a4c1 (webtiles) character file.

42 oplop the Chiller (level 3, -1/26 HPs)
             Began as a Merfolk Ice Elementalist on Oct 24, 2016.
             Slain by a kobold
             ... wielding a +0 short sword
              (2 damage)
             ... on level 2 of the Dungeon.
             The game lasted 00:02:32 (1330 turns).

oplop the Chiller (Merfolk Ice Elementalist)        Turns: 1330, Time: 00:02:32

Health: -1/26      AC:  3    Str:  8    XL:     3   Next: 56%
Magic:  1/7        EV: 13    Int: 15    God:
Gold:   50         SH:  0    Dex: 14    Spells: 2 memorised, 4 levels left

rFire  . . .     SeeInvis .     s - +2 dagger (pain)
rCold  . . .     Gourm    .     a - +0 robe
rNeg   . . .     Faith    .     (no shield)
rPois  .         Spirit   .     (no helmet)
rElec  .         Reflect  .     (no cloak)
rCorr  .         Harm     .     p - +0 pair of gloves (curse)
MR     .....                    (no boots)
Stlth  ++........               (no amulet)
                                (no ring)
                                (no ring)

@: very slightly contaminated
A: change form in water, swift swim, stealthy swim
a: no special abilities


You were on level 2 of the Dungeon.
You were hungry.

You visited 1 branch of the dungeon, and saw 2 of its levels.

You collected 50 gold pieces.

Inventory:

Hand Weapons
 d - a +0 hand axe of venom
 s - a +2 dagger of pain (weapon)
Armour
 a - a +0 robe (worn)
 p - a cursed +0 pair of gloves (worn)
Jewellery
 g - an uncursed ring of resist corrosion {unknown}
Scrolls
 e - a scroll of recharging {unknown}
 j - a scroll of amnesia {unknown}
 k - a scroll of teleportation {unknown}
 l - a scroll of noise {unknown}
 n - a scroll of random uselessness {unknown}
Potions
 h - a potion of ambrosia {unknown}
 i - a potion of invisibility {unknown}
 m - a potion of curing {unknown}
 o - a potion of haste {unknown}
 q - a potion of cure mutation {unknown}
 r - 2 potions of mutation {unknown}
Books
 b - a book of Frost

   Spells                             Type                      Level
   a - Freeze                         Ice                          1
   b - Throw Frost                    Conjuration/Ice              2
   c - Ozocubu's Armour               Charms/Ice                   3
   d - Throw Icicle                   Conjuration/Ice              4
   e - Summon Ice Beast               Ice/Summoning                4
Comestibles
 c - 2 bread rations
 f - a slice of pizza


   Skills:
 + Level 1.0 Fighting
 + Level 3.0 Dodging
 - Level 2.1 Stealth
 * Level 2.6 Spellcasting
 - Level 0.7 Conjurations
 * Level 4.0 Ice Magic


You had 4 spell levels left.
You knew the following spells:

 Your Spells              Type           Power        Failure   Level  Hunger
a - Freeze                Ice            ##..         4%          1    #......
b - Throw Frost           Conj/Ice       #.....       12%         2    ##.....


Dungeon Overview and Level Annotations

Branches:
Dungeon (2/15)

Altars:
Okawaru


Message History

The slug dart hits you!
* * * LOW HITPOINT WARNING * * *
Casting: Freeze
Confirm with . or Enter, or press ? or * to list all spells.
Aiming: Freeze
Press: ? - help, Shift-Dir - straight line, f/p - dart slug
Aim: a dart slug (almost dead, clinging)
You freeze the dart slug.
You kill the dart slug!
Your Dodging skill increases to level 3!
Your Ice Magic skill increases to level 4!
The kobold hits you but does no damage.
Casting: Freeze
Confirm with . or Enter, or press ? or * to list all spells.
Aiming: Freeze
Press: ? - help, Shift-Dir - straight line, f - kobold
Aim: a kobold, wielding a short sword You miscast Freeze.
Frost covers your body. The kobold hits you with a short sword.
You die...

#### ..# #.####.#
#..†@..####
#..#K.....#######
#. #.#$##.......#
# .....########.#
#.###.# #.# #.
..# #.# # ### #.#
######.###
#........#


You could see a kobold.

Vanquished Creatures
  An adder (D:2)
  2 dart slugs
  2 leopard geckos (D:1)
  A goblin (D:1)
  5 hobgoblins
  2 quokkas (D:2)
  3 bats
  4 frilled lizards
  5 kobolds
  3 rats (D:1)
28 creatures vanquished.

Notes
Turn   | Place    | Note
-------+----------+-------------------------------------------
     0 | D:1      | oplop the Merfolk Ice Elementalist began the quest for the Orb.
     0 | D:1      | Reached XP level 1. HP: 13/13 MP: 3/3
   210 | D:1      | Reached XP level 2. HP: 19/20 MP: 3/5
   870 | D:1      | Learned a level 2 spell: Throw Frost
   964 | D:2      | Reached XP level 3. HP: 12/25 MP: 0/6
  1067 | D:2      | Found an iron altar of Okawaru.
  1279 | D:2      | Reached skill level 1 in Fighting
  1328 | D:2      | HP: 1/26 [dart slug/slug dart (6)]
  1329 | D:2      | Reached skill level 4 in Ice Magic
  1330 | D:2      | Slain by a kobold

Vault maps used:
D:1:      dpeg_arrival_short_road, minmay_tetromino_t4
D:2:      okawaru_trees_2, first_bread

Skill      XL: |  1  2  3 |
---------------+----------+-----
Fighting       | 1 |  1.0
Dodging        | 3 |  3.0
Ice Magic      | 4 |  4.0
Stealth        | |  2.1
Spellcasting   | |  2.6
Conjurations   | |  0.7

Action                   || total
-------------------------++-------
Melee: Hand axe          ||    49
       Unarmed           ||     1
       Dagger            ||    12
 Cast: Freeze            ||    17
 Stab: Sleeping          ||     4
  Eat: Chunk             ||     1
Armor: Robe              ||    12
Dodge: Dodged            ||    71
